AoeStats
← Honorius

Black Forest

507941394Analyzed
4v4 RM · 12d ago on Sep 20, 2026· 53m 32s· 8 players
Game mode
Random Map
Map size
Large (8 player)
Population
200
Speed
Normal
Resources
Standard
Victory
Conquest
Starting age
Dark Age
Ending age
Imperial Age
RankedLock teamsTeams togetherTeam positionsShared explorationLock speedFull tech treeHidden civsTurbo modeCheats
Victory
Defeat
🇻🇳 Teutons · Vietnam
792
+6
🇬🇧 Bohemians · United Kingdom
758
+7
🇮🇹 Britons · Italy
740
+7
🇲🇾 Bohemians · Malaysia
685
+9
🇨🇳 Italians · China
626
-19
🇨🇿 Teutons · Czechia
543
-8
🇨🇳 Chinese · China
486
-6
🇸🇪 Teutons · Sweden
441
-5
jiwujiwu0618
13:18 Feudal Age
21:07 Man-at-Arms
29:37 Castle Age
30:55 Long Swordsman
39:28 Imperial Age
Ronny. F Sweden
0:31 Loom
14:55 Feudal Age
16:02 Town Watch
16:53 Wheelbarrow
16:00 Horse Collar
15:53 Man-at-Arms
16:19 Arson
17:30 Padded Archer Armor
17:20 Fletching
17:41 Forging
17:31 Scale Mail Armor
18:19 Scale Barding Armor
20:14 Stone Mining
25:18 Castle Age
24:16 Gold Mining
24:41 Double-Bit Axe
26:55 Caravan
27:26 Coinage
27:00 Town Patrol
27:15 Hand Cart
27:21 Bow Saw
27:48 Stone Shaft Mining
27:31 Leather Archer Armor
27:11 Bodkin Arrow
27:45 Squires
28:31 Fortified Wall
28:12 Guard Tower
28:44 Ballistics
28:50 Masonry
28:41 Long Swordsman
28:42 Pikeman
29:07 Gambesons
29:22 Guard Tower
30:14 Pikeman
31:32 Sanctity
33:05 Ironclad
32:51 Heated Shot
33:50 Fervor
36:28 Devotion
36:28 Atonement
36:40 Redemption
39:17 Imperial Age
38:31 Chain Mail Armor
38:37 Chain Barding Armor
38:53 Iron Casting
39:38 Bloodlines
40:32 Crenellations
39:42 Sappers
40:48 Hoardings
41:32 Chemistry
40:17 Arrowslits
41:08 Keep
39:57 Capped Ram
41:32 Banking
41:13 Guilds
40:48 Cavalier
42:53 Crenellations
NečumminaNick
14:20 Feudal Age
16:06 Horse Collar
19:07 Wheelbarrow
27:30 Castle Age
25:41 Double-Bit Axe
25:52 Gold Mining
25:52 Stone Mining
26:05 Scale Mail Armor
26:15 Forging
26:07 Padded Archer Armor
25:57 Fletching
29:40 Stone Shaft Mining
29:10 Heavy Plow
29:30 Chain Mail Armor
29:50 Iron Casting
29:30 Leather Archer Armor
29:10 Bodkin Arrow
29:48 Hand Cart
31:06 Caravan
31:39 Coinage
31:46 Bow Saw
33:43 Crossbowman
36:35 Fortified Wall
36:18 Guard Tower
36:48 Ballistics
36:20 Heated Shot
41:06 Imperial Age
43:11 Chemistry
42:47 Keep
43:59 Elite Teutonic Knight
45:24 Banking
45:43 Plate Mail Armor
46:13 Blast Furnace
46:41 Blast Furnace
46:40 Conscription
48:52 Bombard Tower
48:17 Arrowslits
76561199640613672
11:01 Feudal Age
12:54 Wheelbarrow
12:24 Arson
13:48 Horse Collar
15:04 Double-Bit Axe
20:58 Gold Mining
30:12 Castle Age
30:13 Stone Mining
31:38 Stone Shaft Mining
31:19 Bow Saw
31:04 Elite Skirmisher
32:24 Heavy Plow
34:40 Pikeman
35:20 Squires
36:02 Hand Cart
37:51 Silk Road
38:04 Padded Archer Armor
37:54 Fletching
41:25 Husbandry
41:36 Bloodlines
40:46 Light Cavalry
40:52 Crossbowman
46:34 Thumb Ring
49:27 Imperial Age
47:16 Leather Archer Armor
46:56 Bodkin Arrow
47:12 Forging
47:02 Scale Mail Armor
47:07 Scale Barding Armor
47:54 Ballistics
47:25 Heated Shot
48:02 Loom
48:03 Town Watch
50:57 Arbalester
52:44 Crop Rotation
Yannis
0:30 Loom
15:23 Feudal Age
16:53 Double-Bit Axe
25:26 Castle Age
24:32 Horse Collar
25:39 Pikeman
27:05 Bow Saw
28:58 Heavy Plow
29:30 Padded Archer Armor
31:15 Wheelbarrow
37:57 Imperial Age
35:33 Elite Skirmisher
36:58 Fletching
37:49 Gold Mining
40:05 Gold Shaft Mining
39:34 Town Watch
42:37 Sanctity
43:40 Halberdier
44:48 Conscription
45:11 Bodkin Arrow
45:17 Scale Mail Armor
45:33 Leather Archer Armor
45:36 Elite Longbowman
49:22 Ring Archer Armor
49:03 Forging
48:53 Bracer
50:03 Hand Cart
49:44 Stone Mining
50:00 Squires
49:46 Arson
51:18 Yeomen
52:58 Chain Mail Armor
53:19 Iron Casting
54:47 Two-Man Saw
Honorius
0:31 Loom
11:38 Feudal Age
12:17 Double-Bit Axe
15:59 Horse Collar
21:04 Castle Age
23:08 Wheelbarrow
24:00 Fervor
24:37 Bow Saw
25:03 Heavy Plow
29:38 Hand Cart
35:16 Imperial Age
34:39 Chemistry
35:54 Crossbowman
38:11 Two-Man Saw
37:27 Caravan
37:12 Arbalester
39:00 Houfnice
40:12 Siege Engineers
39:48 Treadmill Crane
42:09 Ballistics
41:55 Padded Archer Armor
41:46 Fletching
41:50 Elite Skirmisher
45:01 Leather Archer Armor
44:42 Bodkin Arrow
44:15 Elite Hussite Wagon
48:08 Ring Archer Armor
47:39 Bracer
54:28 Conscription
luke_the_black_cat
0:57 Loom
13:07 Feudal Age
20:17 Castle Age
18:18 Double-Bit Axe
21:00 Fletching
22:28 Bow Saw
29:11 Bodkin Arrow
29:33 Fishing Lines
35:06 Imperial Age
33:15 Wheelbarrow
35:22 Scale Barding Armor
35:29 Forging
36:38 Bloodlines
39:04 Hoardings
37:56 Cavalier
40:33 Paladin
41:38 Scale Mail Armor
42:02 Chain Barding Armor
42:18 Iron Casting
46:00 Hand Cart
48:34 Plate Barding Armor
49:03 Blast Furnace
48:37 Gold Mining
48:38 Stone Mining
ijn_king
11:02 Feudal Age
11:57 Horse Collar
12:08 Double-Bit Axe
13:19 Wheelbarrow
20:21 Castle Age
21:29 Hand Cart
23:36 Fervor
23:47 Sanctity
25:26 Heavy Plow
30:25 Bow Saw
33:31 Imperial Age
32:10 Ballistics
32:51 Chemistry
32:26 Fletching
32:37 Padded Archer Armor
35:26 Two-Man Saw
36:56 Houfnice
37:55 Leather Archer Armor
37:36 Bodkin Arrow
37:52 Forging
37:42 Scale Mail Armor
39:30 Bracer
40:00 Ring Archer Armor
39:36 Scale Barding Armor
39:59 Elite Hussite Wagon
45:32 Bombard Tower
51:06 Iron Casting
50:47 Chain Mail Armor
50:52 Chain Barding Armor
53:21 Light Cavalry
Connection lost

Rejoining the realm…

Still unreachable

The connection could not be restored.

Session expired

The server has moved on; the page needs a fresh start.